 Dungeon Crawl Stone Soup version 0.16-a0-3764-g1c82659 (console) character file.

346 MarvinPA the Cutter (level 6, -2/32 HPs)
             Began as a Vine Stalker Abyssal Knight on Jan 23, 2015.
             Was a Believer of Lugonu.
             Slain by a scorpion (5 damage)
             ... on level 4 of the Dungeon on Jan 24, 2015.
             The game lasted 00:09:28 (2095 turns).

MarvinPA the Cutter (Vine Stalker Abyssal Knight)   Turns: 2095, Time: 00:09:28

Health: -2/32      AC:  4    Str: 14    XL:     6   Next: 59%
Magic:  0/9        EV: 13    Int: 12    God:    Lugonu [**....]
Gold:   127        SH:  0    Dex: 16    Spells: 0 memorised, 5 levels left

rFire  . . .     SeeInvis .     a - +1 short sword
rCold  . . .     Clarity  .     b - +0 leather armour
rNeg   . . .     SustAb   .     (no shield)
rPois  .         Gourm    .     (no helmet)
rElec  .         Spirit   +     j - +0 cloak
rCorr  .         Warding  .     (no gloves)
rMut   +         Stasis   .     (no boots)
MR     .....                    h - amulet of resist mutation
Stlth  +.........               (no ring)
                                (no ring)

@: lethally poisoned, not resistant to hostile enchantments, very unstealthy
A: fangs 2, regeneration 2, magic shield, antimagic bite, no device heal 3, rot
immunity
a: Depart the Abyss, Bend Space, Renounce Religion


You were on level 4 of the Dungeon.
You worshipped Lugonu.
Lugonu was pleased with you.
You were not hungry.

You visited 1 branch of the dungeon, and saw 4 of its levels.
You visited the Abyss 1 time.

You collected 127 gold pieces.


Innate Abilities, Weirdness & Mutations

You have extremely sharp teeth.
You heal very quickly.
When hurt, damage is shared between your health and your magic reserves.
Your bite disrupts and absorbs the magic of your enemies.
Potions and wands cannot restore your health.
You are immune to rotting.


   Skills:
 - Level 2.6 Fighting
 + Level 4.4 Short Blades
 - Level 1.5 Armour
 + Level 3.8 Dodging
 - Level 1.7 Invocations


You had 5 spell levels left.
You didn't know any spells.

Inventory:

Hand weapons
 a - a +1 short sword (weapon)
Armour
 b - a +0 leather armour (worn)
 j - a +0 cloak (worn)
Jewellery
 h - an amulet of resist mutation (around neck)
Magical devices
 p - a wand of slowing (0)
 r - a wand of flame (0)
Scrolls
 g - 4 scrolls of remove curse {unknown}
 k - a scroll of magic mapping {unknown}
 n - 2 scrolls of identify {unknown}
 q - a scroll of enchant armour {unknown}
Potions
 d - 2 potions of restore abilities {unknown}
 e - a potion of haste {unknown}
 f - 2 potions of might {unknown}
 i - 4 potions of curing {unknown}
 l - a potion of resistance {unknown}
 m - 2 potions of mutation {unknown}
 s - a potion of heal wounds {unknown}
Comestibles
 c - a bread ration
 o - 7 chunks of flesh

Dungeon Overview and Level Annotations

Branches:
Dungeon (4/15)
 Temple: D:4-7

Altars:

#####
#.#####...
#......#
#f<#
#s.######...
#.........#
#...#####.#
#.[.# .....#
###..## #..#
...#


You could see a scorpion.


Message History

You feel sick. The scorpion barely misses you.
You hit the scorpion but do no damage.
The scorpion is heavily wounded.
You feel sick. The scorpion stings you.
* * * LOW HITPOINT WARNING * * *
You hit the scorpion but do no damage. You bite the scorpion.
You drain its power.
You feel invigorated.
The scorpion is heavily wounded.
You feel sick. The scorpion stings you!
* * * LOW HITPOINT WARNING * * *
Drink which item? (? for menu, Esc to quit)
Okay, then.
Use which ability? (? or * to list)
Okay, then.
Use which ability? (? or * to list) Space bends around you!
You blink.
* * * LOW HITPOINT WARNING * * *
You feel slightly more hungry.
You feel sick.
You hit the scorpion but do no damage.
You bite the scorpion, but do no damage.
The scorpion is heavily wounded.
You feel sick. The scorpion misses you.
You hit the scorpion.
The scorpion is severely wounded.
You feel sick. The scorpion barely misses you.
You barely miss the scorpion.
The scorpion is severely wounded.
You feel sick. The scorpion stings you.
You die...

Action                   |  1- 3 |  4- 6 || total
-------------------------+-------+-------++-------
Melee: Short sword       |    99 |   108 ||   207
Invok: Depart the Abyss  |     1 |       ||     1
       Bend Space        |       |     1 ||     1
Evoke: Wand              |       |    10 ||    10
 Stab: Sleeping          |     1 |       ||     1
  Eat: Chunk             |     1 |     3 ||     4

Vault maps used:
D:1:      lightli_arrival_windingriver, serial_park_tiny_2
D:2:      hangedman_glass_teeth
D:3:      uniq_natasha, uniq_grinder
D:4:      grunt_temple_overflow_open, uniq_edmund

Notes
Turn   | Place    | Note
--------------------------------------------------------------
     0 | Abyss:1  | MarvinPA, the Vine Stalker Abyssal Knight, began the quest for the Orb.
     0 | Abyss:1  | Reached XP level 1. HP: 11/11 MP: 1/1
    13 | Abyss:1  | Noticed a thrashing horror
    14 | D:1      | Escaped the Abyss
    66 | D:1      | Reached skill level 2 in Short Blades
    68 | D:1      | Reached skill level 1 in Dodging
    93 | D:1      | Acquired Lugonu's first power
   234 | D:1      | Reached XP level 2. HP: 16/16 MP: 3/3
   822 | D:2      | Reached XP level 3. HP: 19/19 MP: 4/4
   988 | D:2      | Acquired Lugonu's second power
  1068 | D:2      | Reached skill level 2 in Dodging
  1370 | D:3      | Noticed Grinder
  1374 | D:2      | Upgraded the game from 0.16-a0-3758-g7fc8210 to 0.16-a0-3764-g1c82659
  1450 | D:3      | Reached XP level 4. HP: 23/23 MP: 6/6
  1477 | D:3      | Noticed Natasha
  1501 | D:3      | Killed Natasha
  1501 | D:3      | Reached skill level 3 in Short Blades
  1523 | D:3      | Noticed Natasha
  1530 | D:3      | Killed Natasha
  1606 | D:3      | Noticed Natasha
  1614 | D:3      | Killed Natasha
  1676 | D:3      | Reached XP level 5. HP: 16/27 MP: 8/8
  1715 | D:3      | Killed Grinder
  1715 | D:3      | Reached skill level 4 in Short Blades
  1715 | D:3      | Reached skill level 3 in Dodging
  1715 | D:3      | Gained mutation: You heal very quickly. [vine stalker growth]
  1715 | D:3      | Reached XP level 6. HP: 21/32 MP: 9/9
  2095 | D:4      | HP: 3/32 [poisoned by a scorpion]
  2095 | D:4      | Slain by a scorpion

Vanquished Creatures
  Grinder (D:3)
  Natasha (thrice) (D:3)
  An iguana (D:3)
  3 adders
  2 worms (D:3)
  2 giant geckos
  An orc (D:3)
  4 giant cockroaches
  5 hobgoblins
  9 jackals
  4 kobolds
  A quokka (D:3)
  2 bats
  3 giant newts
  7 goblins
  4 rats
52 creatures vanquished.
